[Event "Live Chess"]
[Site "Chess.com"]
[Date "2023.05.21"]
[Round "-"]
[White "OceanFloater"]
[Black "PaulHumphreys"]
[Result "1-0"]
[WhiteElo "1024"]
[BlackElo "1354"]
[TimeControl "300"]
[EndTime "1:13:50 PDT"]
[Termination "OceanFloater won by checkmate"]

1. e4 e6 2. Nf3 d5 3. exd5 exd5 4. d4 Bd6 5. Qe2+ Ne7 6. Nc3 c6 7. Bg5 f6 8. Bh4 Bg4 9. h3 Bh5 10. g4 Bg6 11. O-O-O Qa5 12. Kb1 Na6 13. Bg3 Bb4 14.
Rd3 Bxd3 15. Qxd3 Bxc3 16. Qxc3 Qxc3 17. bxc3 O-O-O 18. h4 Rhe8 19. Bh3 Nc7 20. g5+ f5 21. Ne5 Ng6 22. Bxf5+ Kb8 23. Nf7 Ne7 24. Bg4 Rc8 25. Nd6 Rcd8 26. Nxe8 Rxe8 27. Re1 Ng6 28. Rxe8# 1-0

[Event "Live Chess"]
[Site "Chess.com"]
[Date "2023.05.21"]
[Round "-"]
[White "whitedjohn"]
[Black "MJMykh"]
[Result "1-0"]
[WhiteElo "1641"]
[BlackElo "1108"]
[TimeControl "300"]
[EndTime "1:14:02 PDT"]
[Termination "whitedjohn won by checkmate"]

1. e4 e5 2. Nf3 Nc6 3. Bb5 d6 4. d4 exd4 5. Qxd4 Bd7 6. Bxc6 Bxc6 7. Nc3 Nf6 8. Bg5 Be7 9. O-O-O h6 10. Bh4 O-O 11. e5 dxe5 12. Qxe5 Qc8 13. Qxe7 Bxf3 14.
gxf3 Nh5 15. Qe5 g6 16. Rhg1 Kh7 17. Ne4 Re8 18. Nf6+ Nxf6 19. Qxf6 Rf8 20. Bg3 c6 21. Be5 Rg8 22. Qxf7+ Rg7 23. Qxg7# 1-0

[Event "Live Chess"]
[Site "Chess.com"]
[Date "2023.05.21"]
[Round "-"]
[White "Duke_of_Bebington"]
[Black "f4nomore"]
[Result "1-0"]
[WhiteElo "1587"]
[BlackElo "1401"]
[TimeControl "300"]
[EndTime "1:14:18 PDT"]
[Termination "Duke_of_Bebington won by resignation"]

1. e4 g6 2. d4 Bg7 3. c4 d6 4. Nc3 Nf6 5. f4 O-O 6. Nf3 Nbd7 7. Be2 c5 8. d5 Nb6 9. h3 e6 10. e5 dxe5 11. fxe5 Nh5 12. Bg5 f6 13. exf6 Nxf6 14. O-O exd5 15. Nxd5 Nbxd5 16. cxd5 Qb6 17. Bc4 Qxb2 18.
Nd2 Qd4+ 19. Kh1 Bf5 20. Rc1 Nxd5 21. Nf3 Qxd1 22. Rfxd1 Kh8 23. Rxd5 Be4 24. Rd7 Bxf3 25. gxf3 Rxf3 26. Kg2 Raf8 27. Rf1 Rxf1 28. Bxf1 Bd4 29.
Rd8 Rxd8 30. Bxd8 b6 31. Bc7 Kg7 32. Bb5 Kf6 33. Bb8 a5 34. Bc7 c4 35. Bxc4 Kf5 36.
a4 Ke4 37. Bd8 Bc5 38. Bg5 Kf5 39. h4 h6 40. Bxh6 Kg4 41. Bg5 Bd4 42. Bb5 Bc5 43.
Be8 Kh5 44. Kh3 Bd4 45. Bc6 1-0

[Event "Live Chess"]
[Site "Chess.com"]
[Date "2023.05.21"]
[Round "-"]
[White "EdenHazard8"]
[Black "Dhaydon19"]
[Result "0-1"]
[WhiteElo "1936"]
[BlackElo "2690"]
[TimeControl "300"]
[EndTime "1:14:44 PDT"]
[Termination "Dhaydon19 won by resignation"]

1. e4 c5 2. Nf3 Nc6 3. d4 cxd4 4. Nxd4 Nf6 5. Nc3 d6 6. f3 g6 7. Be3 Bg7 8. Qd2 O-O 9. O-O-O h5 10. h4 Qc7 11. g4 hxg4 12. h5 Nxh5 13. Nd5 Qd8 14.
Bh6 Nxd4 15. Bxg7 Nxg7 16. Qh6 f6 17. Bc4 Be6 18. Rxd4 Kf7 19. Nf4 Bxc4 20. Qxg6+ Kg8 21. Rh7 Rf7 22. Rxc4 Qa5 23. Nd3 Qg5+ 24. Qxg5 fxg5 25. Rh1 gxf3 26. Rg1 Ne6 27. Nf2 Raf8 28. e5 d5 29. Rcg4 Rf5 0-1

[Event "Live Chess"]
[Site "Chess.com"]
[Date "2023.05.21"]
[Round "-"]
[White "KeithArkell"]
[Black "TheSmoulderingMaster"]
[Result "1-0"]
[WhiteElo "2523"]
[BlackElo "1684"]
[TimeControl "300"]
[EndTime "1:15:01 PDT"]
[Termination "KeithArkell won by resignation"]

1. d4 Nf6 2. Nf3 d6 3. c4 g6 4. Nc3 Bg7 5. g3 O-O 6. Bg2 Nbd7 7. d5 Nb6 8. Qd3 Nbd7 9. O-O Nc5 10. Qd1 Bg4 11. Be3 Nce4 12. Nxe4 Nxe4 13. Bd4 e5 14. dxe6 fxe6 15. Bxg7 Kxg7 16. Ne5 Bf5 17. Nf3 Bg4 18. Qd4+ Nf6 19. Ng5 c5 20. Qxg4 Nxg4 21. Nxe6+ Kh8 22. Nxd8 Raxd8 23. h3 Ne5 24. b3 Rd7 25. Rfd1 Rf6 26. Rd5 a6 27. Rad1 Nc6 28. Rxc5 Nb4 29. Rc8+ Kg7 30.
a3 Nc2 31. Rb8 Nxa3 32. Rxb7 Rxb7 33. Bxb7 a5 34. Ra1 Nc2 35. Rxa5 Nd4 36. b4 Nxe2+ 37. Kg2 Nd4 38. b5 Rf7 39. Bd5 Rf8 40. b6 Rb8 41. b7 1-0

[Event "Live Chess"]
[Site "Chess.com"]
[Date "2023.05.21"]
[Round "-"]
[White "JoeyCage"]
[Black "horsechessnut"]
[Result "1-0"]
[WhiteElo "2305"]
[BlackElo "1465"]
[TimeControl "300"]
[EndTime "1:15:05 PDT"]
[Termination "JoeyCage won by resignation"]

1. e3 e5 2. c4 Nf6 3. d4 e4 4. Nc3 c6 5. c5 d5 6. cxd6 Bxd6 7. Bd2 Nbd7 8. g3 h6 9. Bg2 O-O 10. Nxe4 Nxe4 11. Bxe4 Nf6 12. Bg2 Bg4 13. Ne2 Qb6 14. Bc3 Nd5 15. Qd2 Nxc3 16. Nxc3 Rfe8 17.
O-O Qc7 18. Ne4 Be7 19. Rac1 Be6 20. a3 Bd5 21. Nc5 Bxg2 22. Kxg2 Red8 23. Qe2 Bf6 24. Qf3 Qe7 25. Rc2 Rd5 26. Ne4 Rad8 27. Nxf6+ Qxf6 28. Qxf6 gxf6 29. Rfc1 Re8 30. Rc5 Rd7 31. b4 Rde7 32. b5 cxb5 33. Rxb5 Kg7 34. Rbc5 b6 35. Rc7 Kf8 36.
Kf3 Kg7 37. Rxe7 Rxe7 38. Rc6 Kg6 39. e4 Kg5 40. h4+ Kh5 41. Kf4 Kg6 42. d5 Kg7 43.
f3 Rd7 44. Ke3 Re7 45. Kd4 Rd7 46. f4 Re7 47. d6 Rd7 48. Kd5 Kf8 49. Rc8+ Kg7 50.
Kc6 1-0

[Event "Live Chess"]
[Site "Chess.com"]
[Date "2023.05.21"]
[Round "-"]
[White "peter-785"]
[Black "raimundklein"]
[Result "0-1"]
[WhiteElo "1195"]
[BlackElo "1741"]
[TimeControl "300"]
[EndTime "1:15:14 PDT"]
[Termination "raimundklein won on time"]

1. e4 c6 2. Nf3 d5 3. exd5 cxd5 4. d4 Bg4 5. Be2 Nc6 6. c3 e6 7. Bg5 Qb6 8. b3 Nge7 9. O-O f6 10. Be3 Nf5 11.
h3 Nxe3 12. fxe3 Bh5 13. Nh2 Bf7 14. Bh5 g6 15. Bg4 Be7 16. Nd2 O-O 17. e4 e5 18.
exd5 Bxd5 19. Bf3 Bf7 20. Bxc6 bxc6 21. Kh1 exd4 22. cxd4 Qxd4 23. Ndf3 Qxd1 24. Raxd1 Rad8 25. Rc1 Bd5 26. Rfe1 Ba3 27. Rcd1 Rfe8 28. Rxe8+ Rxe8 29. Nd4 Kf7 30. Nhf3 Re3 31. Nc2 Rxf3 32. gxf3 Bxf3+ 33.
Kh2 Bxd1 34. Nxa3 f5 35. Kg3 g5 36. h4 h6 37. hxg5 hxg5 38. Nc4 Ke6 39. Kf2 Bh5 40.
Nd2 Kd5 41. Nc4 Be8 42. Kg3 c5 43. Kf2 Bb5 44. Nd2 a5 45. Nf3 g4 46. Ng5 f4 0-1

[Event "Live Chess"]
[Site "Chess.com"]
[Date "2023.05.21"]
[Round "-"]
[White "JoshMcK"]
[Black "Denz14"]
[Result "1-0"]
[WhiteElo "1536"]
[BlackElo "1030"]
[TimeControl "300"]
[EndTime "1:15:29 PDT"]
[Termination "JoshMcK won by resignation"]

1. e4 e6 2. d4 d5 3. Nc3 Bb4 4. e5 c5 5. a3 Bxc3+ 6. bxc3 c4 7. Qg4 Kf8 8. h4 h6 9. h5 f6 10. Nf3 f5 11. Qg3 Ne7 12. Nh4 Qe8 13. Be2 1-0

[Event "Live Chess"]
[Site "Chess.com"]
[Date "2023.05.21"]
[Round "-"]
[White "JuperLuper"]
[Black "Tushinskiy"]
[Result "0-1"]
[WhiteElo "1207"]
[BlackElo "2188"]
[TimeControl "300"]
[EndTime "1:15:40 PDT"]
[Termination "Tushinskiy won by checkmate"]

1. e4 e5 2. Nc3 d6 3. Nf3 Bg4 4. d3 Nd7 5. Be3 Ngf6 6. Be2 c6 7. O-O Be7 8. h3 Bh5 9. Re1 Qc7 10. a4 O-O 11. d4 Rfd8 12. Na2 Nxe4 13. c3 Nef6 14.
Qc2 e4 15. Ng5 Bg6 16. Rad1 h6 17. h4 hxg5 18. Bxg5 d5 19. Qd2 Nf8 20. h5 Nxh5 21. Bxh5 Bxh5 22. Bxe7 Qxe7 23. f3 f5 24. Rc1 Ne6 25.
fxe4 fxe4 26. Rf1 Re8 27. Rce1 Qh4 28. Qe3 Re7 29. Nb4 Rae8 30. g3 Qh3 31. Qf2 Bf3 32. Qh2 Qg4 33. Kf2 Ng5 34. Rh1 Bxh1 35. Rxh1 e3+ 36. Kg2 e2 37. Qh8+ Kf7 38. Qh5+ Qxh5 39.
Rf1+ exf1=Q+ 40. Kxf1 Qe2+ 41. Kg1 Nf3+ 42. Kh1 Qh2# 0-1

[Event "Live Chess"]
[Site "Chess.com"]
[Date "2023.05.21"]
[Round "-"]
[White "Tilbs_12"]
[Black "Singapourfeuj"]
[Result "0-1"]
[WhiteElo "1566"]
[BlackElo "2183"]
[TimeControl "300"]
[EndTime "1:15:55 PDT"]
[Termination "Singapourfeuj won by resignation"]

1. e4 Nc6 2. Nf3 g6 3. d4 Bg7 4. Be3 d6 5. d5 Ne5 6. Nc3 Nxf3+ 7. Qxf3 e5 8. Qg3 Ne7 9. f4 exf4 10. Bxf4 O-O 11.
O-O-O f5 12. e5 dxe5 13. Bxe5 Bxe5 14. Qxe5 Qd6 15. Qxd6 cxd6 16. Bd3 Bd7 17. h3 a6 18. Rhe1 Rfe8 19. Re2 b5 20. Rde1 Kf7 21. a3 Rac8 22.
Kd2 Rc5 23. g4 Nxd5 24. Nxd5 Rxe2+ 25. Bxe2 Rxd5+ 26. Kc3 fxg4 27. Bxg4 Bxg4 28. hxg4 Re5 29. Rd1 d5 30. Kd4 Re4+ 31. Kxd5 Rxg4 32. b3 h5 33. c4 bxc4 34. bxc4 Ke7 35. Kc5 h4 36. Rb1 h3 37.
Rb8 h2 38. Rh8 Rg5+ 39. Kb6 Rh5 0-1

[Event "Live Chess"]
[Site "Chess.com"]
[Date "2023.05.21"]
[Round "-"]
[White "ExIsambard"]
[Black "raminguy"]
[Result "0-1"]
[WhiteElo "1928"]
[BlackElo "1960"]
[TimeControl "300"]
[EndTime "1:16:03 PDT"]
[Termination "raminguy won by resignation"]

1. d4 d5 2. Bg5 h6 3. Bf4 Nf6 4. e3 e6 5. Bd3 Bd6 6. Bg3 O-O 7. Nf3 c5 8. c3 cxd4 9. exd4 Nc6 10. Nbd2 Re8 11.
Qe2 e5 12. dxe5 Nxe5 13. Nxe5 Bxe5 14. Bxe5 Nd7 15. O-O-O Nxe5 16. Bc2 Bg4 17. Nf3 Nxf3 18. Qd3 Ng5 19. f3 Be6 20. h4 g6 21. hxg5 Qxg5+ 22. Kb1 Bf5 23. Qd2 Qxd2 24. Rxd2 Bxc2+ 25. Rxc2 Kg7 26. Rd2 Rad8 27. Kc2 Re7 28. Rhd1 Red7 29. Rd4 h5 30. c4 f5 31. Rxd5 Rxd5 32. Rxd5 Rxd5 33. cxd5 Kf6 34.
Kd3 h4 35. Kd4 g5 36. d6 Ke6 37. d7 Kxd7 38. Ke5 g4 39. fxg4 fxg4 40. Kf4 h3 41. gxh3 gxh3 42. Kg3 Kd6 43. Kxh3 Kd5 44. Kg3 Kd4 45.
Kf3 Kd3 46. Kf4 Kc2 47. Ke5 Kxb2 48. a4 Kb3 49. Kd6 Kxa4 50. Kc7 b5 51. Kb7 b4 0-1

[Event "Live Chess"]
[Site "Chess.com"]
[Date "2023.05.21"]
[Round "-"]
[White "Long1968"]
[Black "OleksiyJr1"]
[Result "0-1"]
[WhiteElo "992"]
[BlackElo "990"]
[TimeControl "300"]
[EndTime "1:16:06 PDT"]
[Termination "OleksiyJr1 won on time"]

1. e4 c5 2. c3 Nc6 3. d4 cxd4 4. cxd4 d6 5. Nc3 e5 6. dxe5 Nxe5 7. f4 Nc6 8. Nf3 Be6 9. Be2 Nb4 10. b3 d5 11.
Be3 dxe4 12. Ng5 Qxd1+ 13. Rxd1 Bf5 14. Bb5+ Nc6 15. Nd5 Bd6 16. Rc1 Rc8 17. Bxa7 Ne7 18. Nxe7 Bxe7 19. h3 O-O 20. g4 Bxg5 21. fxg5 Bd7 22.
Bc5 Rfe8 23. O-O e3 0-1

[Event "Live Chess"]
[Site "Chess.com"]
[Date "2023.05.21"]
[Round "-"]
[White "profpirate4"]
[Black "YrrriKharkiv"]
[Result "0-1"]
[WhiteElo "1267"]
[BlackElo "2078"]
[TimeControl "300"]
[EndTime "1:16:21 PDT"]
[Termination "YrrriKharkiv won by resignation"]

1. e4 Nf6 2. Nc3 d5 3. e5 Nfd7 4. d4 c5 5. Nf3 cxd4 6. Nxd4 Nxe5 7. Bf4 Nbc6 8. Bb5 Bd7 9. Bxc6 Nxc6 10. Nxc6 bxc6 11.
O-O e6 12. Bg3 Be7 13. Ne2 O-O 14. Qd4 Bf6 15. Qb4 a5 16. Qa3 Qb6 17. c3 c5 18.
b3 Bb5 19. Rfe1 Bxe2 20. Rxe2 Bxc3 21. Rc1 Bd4 22. Rec2 a4 23. Bd6 Qxd6 24. Rxc5 Bxc5 25. Rxc5 axb3 26. Qxb3 Qxc5 0-1

[Event "Live Chess"]
[Site "Chess.com"]
[Date "2023.05.21"]
[Round "-"]
[White "Mugzwang"]
[Black "LiamClery2020"]
[Result "1/2-1/2"]
[WhiteElo "1563"]
[BlackElo "2019"]
[TimeControl "300"]
[EndTime "1:16:25 PDT"]
[Termination "Game drawn by repetition"]

1. Nf3 Nf6 2. d4 e6 3. g3 c5 4. Bg2 cxd4 5. Nxd4 Be7 6. O-O O-O 7. c4 Nc6 8. Nc3 Qb6 9. Nxc6 bxc6 10. b3 d5 11. cxd5 cxd5 12. Bb2 Ba6 13. Re1 Rac8 14. e3 Bb4 15. Rc1 Rfd8 16. Bf1 Bxf1 17. Rxf1 Bc5 18. Na4 Qb5 19. Rxc5 Rxc5 20. Nxc5 Qxc5 21. Bxf6 gxf6 22. Qg4+ Kf8 23. Qf4 d4 24. Qxf6 Qd5 25. exd4 Qxd4 26. Qh6+ Qg7 27. Qxg7+ Kxg7 28. f4 Rd2 29. Rf2 Rd1+ 30.
Kg2 Kf6 31. Kf3 h5 32. Ke3 Kf5 33. Rd2 Re1+ 34. Re2 Rd1 35. Rd2 Re1+ 36. Re2 Rd1 37. Rd2 1/2-1/2

[Event "Live Chess"]
[Site "Chess.com"]
[Date "2023.05.21"]
[Round "-"]
[White "Missedidea"]
[Black "Biranidun"]
[Result "0-1"]
[WhiteElo "1835"]
[BlackElo "2542"]
[TimeControl "300"]
[EndTime "1:16:26 PDT"]
[Termination "Biranidun won by checkmate"]

1. d4 Nf6 2. c4 g6 3. Nc3 Bg7 4. e4 d6 5. Nf3 O-O 6. Be2 e5 7. O-O Nc6 8. d5 Ne7 9. Ne1 Nd7 10. Nd3 f5 11. Bd2 Nf6 12. f3 f4 13. c5 g5 14. Rc1 Ng6 15. cxd6 cxd6 16. Nb5 Rf7 17. Bb4 Bf8 18. a4 g4 19. Qc2 gxf3 20. Bxf3 Ne8 21. a5 a6 22. Na3 Nh4 23. Ne1 Rg7 24. Kh1 Bd7 25. Nc4 Bb5 26. Rg1 Rc8 27. b3 Nf6 28. Qb1 h5 29. Nb6 Rxc1 30. Qxc1 Ng4 31. Qd2 Qg5 32.
h3 Ne3 33. Qf2 Kh7 34. Bd2 Qg3 35. Bxe3 fxe3 36. Qxg3 Rxg3 37. Kh2 Rg7 38. Bxh5 Kh6 39. Bg4 Rc7 40. Kg3 Ng6 41. Bf5 Nf4 42. Kh2 e2 43. g3 Nd3 44. Nxd3 Bxd3 45. g4 Be7 46. Nc4 Bxc4 47.
bxc4 Bh4 48. g5+ Kg7 49. Kg2 e1=Q 50. Rxe1 Bxe1 51. Kf3 Rxc4 52. h4 Bxh4 53. Kg4 Be1 54. Kf3 Bxa5 55. Ke3 Bd8 56. g6 b5 57. Kd3 a5 58. Bd7 Rc5 59. Be8 a4 60. Bxb5 Rxb5 61. Kc4 Rb8 62. Kc3 a3 63. Kc2 a2 64.
Kd3 a1=Q 65. Ke3 Rb3+ 66. Kf2 Qa2+ 67. Kf1 Rb1# 0-1

[Event "Live Chess"]
[Site "Chess.com"]
[Date "2023.05.21"]
[Round "-"]
[White "Tema1107"]
[Black "MarkLim1"]
[Result "0-1"]
[WhiteElo "1939"]
[BlackElo "1706"]
[TimeControl "300"]
[EndTime "1:16:50 PDT"]
[Termination "MarkLim1 won on time"]

1. d4 Nf6 2. c4 e6 3. Nf3 d5 4.
Bg5 Be7 5. Nc3 h6 6. Bh4 O-O 7. e3 b6 8. Rc1 Bb7 9. Bg3 Ne4 10. Nxe4 dxe4 11. Nd2 f5 12. h4 Nd7 13. a3 c5 14. h5 cxd4 15. exd4 Nf6 16. Be5 Ng4 17. Be2 Nxe5 18. dxe5 Qd4 19. b4 Qxe5 20. O-O f4 21. f3 e3 22. Nb3 Rad8 23. Qc2 Qxh5 24. c5 Rd5 25. Bc4 Re5 26. Rfd1 Bd5 27. Bxd5 exd5 28. c6 Qh4 29. c7 Rh5 30. Kf1 Qh1+ 31.
Ke2 Qxg2+ 32. Kd3 Qxf3 33. Nd4 Qe4+ 34. Kc3 Qe5 35. Kb3 Rc8 36. Nc6 e2 37. Nxe5 exd1=Q 38. Rxd1 Rxe5 39. Qc6 Bf6 40. Qd7 Ree8 41. Qxd5+ Kh7 42. Rc1 Re3+ 43. Ka4 Re7 44. Qb7 Ree8 45. Qxa7 Ra8 46. Qxa8 Rxa8+ 47. Kb5 Rc8 0-1

[Event "Live Chess"]
[Site "Chess.com"]
[Date "2023.05.21"]
[Round "-"]
[White "TheSmoulderingMaster"]
[Black "Dhaydon19"]
[Result "0-1"]
[WhiteElo "1684"]
[BlackElo "2690"]
[TimeControl "300"]
[EndTime "1:16:54 PDT"]
[Termination "Dhaydon19 won by resignation"]

1. e4 d6 2. d4 g6 3. Nc3 Bg7 4.
Nf3 Nc6 5. Bf4 Nf6 6. Qd2 h5 7. O-O-O O-O 8. Bh6 Bg4 9. Bxg7 Kxg7 10. Be2 Bxf3 11. Bxf3 e5 12. d5 Nd4 13. Qe3 c5 14. dxc6 bxc6 15. h3 Rb8 16. g4 Qb6 17. b3 h4 18. g5 Nd7 19. Bg4 Nc5 20. f4 Ncxb3+ 21. axb3 Nxb3+ 22. cxb3 Qxe3+ 0-1

[Event "Live Chess"]
[Site "Chess.com"]
[Date "2023.05.21"]
[Round "-"]
[White "Tiltador"]
[Black "mach247"]
[Result "0-1"]
[WhiteElo "758"]
[BlackElo "1327"]
[TimeControl "300"]
[EndTime "1:16:59 PDT"]
[Termination "mach247 won on time"]

1. e4 d5 2. exd5 Qxd5 3. Nf3 Bg4 4. Be2 Nc6 5. O-O O-O-O 6. c4 Qd7 7. b3 f6 8. Nc3 Nd4 9. Nxd4 Bxe2 10. Ndxe2 e5 11.
Nd5 c6 12. Ndc3 Bb4 13. a3 Bc5 14. b4 Bd4 15. c5 Ne7 16. Nxd4 Qxd4 17. Bb2 Nf5 18. Rb1 Qf4 19. Ne2 Qg5 20. Qa4 Kb8 21. b5 cxb5 22. Qxb5 Qxd2 23. c6 b6 24. Qc4 Kc7 25.
g3 Rd6 26. Rfd1 Qa5 27. Rxd6 Nxd6 28. Qc3 Qd5 29. Rf1 Nb5 30. Qe3 Rd8 0-1

[Event "Live Chess"]
[Site "Chess.com"]
[Date "2023.05.21"]
[Round "-"]
[White "Geomorph"]
[Black "MJMykh"]
[Result "1-0"]
[WhiteElo "1276"]
[BlackElo "1095"]
[TimeControl "300"]
[EndTime "1:17:29 PDT"]
[Termination "Geomorph won by checkmate"]

1. e4 e5 2. Nf3 Nc6 3. Bc4 h6 4.
O-O Nf6 5. d4 exd4 6. e5 Ng8 7.
Nxd4 Nxd4 8. Qxd4 c5 9. Qf4 Qe7 10. Re1 f6 11. Qg3 fxe5 12. Rxe5 Qxe5 13. Qxe5+ Kd8 14. Bf4 d6 15. Qd5 Nf6 16. Qf7 Be7 17.
Nc3 g5 18. Bxd6 Re8 19. Bxe7+ Rxe7 20. Qxf6 Kd7 21. Bb5+ Kd8 22. Nd5 Be6 23. Qxe7+ Kc8 24. Qc7# 1-0

[Event "Live Chess"]
[Site "Chess.com"]
[Date "2023.05.21"]
[Round "-"]
[White "Bot_Boy"]
[Black "TKDRyan"]
[Result "0-1"]
[WhiteElo "334"]
[BlackElo "1137"]
[TimeControl "300"]
[EndTime "1:17:43 PDT"]
[Termination "TKDRyan won on time"]

1. e4 c5 2. Nf3 d6 3. d4 cxd4 4. Nxd4 Nc6 5. Nxc6 bxc6 6. Be2 e5 7. O-O Nf6 8. Nc3 Be7 9. Bd2 h6 10. h3 O-O 11. Bg4 Bxg4 12. hxg4 Qd7 13. f3 Nh7 14. Be3 Bg5 15. f4 exf4 16. Bxf4 Bxf4 17. Rxf4 Ng5 18. Rf5 Rfe8 19. Qd3 Rad8 20. Re1 d5 21. Rf4 d4 22.
Na4 c5 23. Nxc5 Qc6 24. b4 a5 25. a3 axb4 26. axb4 Ne6 27. Nxe6 Qxe6 28. b5 Qb6 29. e5 f6 30. Rfe4 fxe5 31. Rxe5 Rxe5 32. Rxe5 Kh8 33. Qc4 d3+ 0-1

[Event "Live Chess"]
[Site "Chess.com"]
[Date "2023.05.21"]
[Round "-"]
[White "BJAW87"]
[Black "SupremeTactician"]
[Result "0-1"]
[WhiteElo "1435"]
[BlackElo "2280"]
[TimeControl "300"]
[EndTime "1:17:47 PDT"]
[Termination "SupremeTactician won by checkmate"]

1. e4 e5 2. Nc3 Nc6 3. f4 exf4 4. Nf3 d6 5. d4 Bg4 6. Bxf4 Bxf3 7. Qxf3 Nxd4 8. Qd3 Nc6 9. O-O-O Be7 10. Qg3 Nf6 11. Qxg7 Rg8 12. Qh6 Ng4 13. Qxh7 Nf6 14. Qf5 Qd7 15.
Qxd7+ Kxd7 16. g3 Rae8 17. e5 Nh5 18. Bh3+ Kd8 19. exd6 cxd6 20. Bxd6 Bxd6 21. Rxd6+ Kc7 22. Rd7+ Kb8 23. Rxf7 Ng7 24. Bd7 Re7 25. Rxe7 Nxe7 26. Re1 Nef5 27. Bxf5 Nxf5 28. Kd2 Rd8+ 29. Ke2 Nd4+ 30.
Kd3 Nf3+ 31. Ke2 Nxe1 32. Kxe1 Kc7 33. Ke2 a6 34. g4 Rh8 35. g5 Rxh2+ 36. Kd3 Rg2 37. Ne4 Kc6 38. b3 Kd5 39. Nf6+ Ke5 40. Nh7 b5 41. a4 Rg3+ 42. Kd2 Kd4 43. axb5 axb5 44. Kc1 Kc3 45. Kb1 Rg1+ 46. Ka2 Kxc2 47. Ka3 Kc3 48. Ka2 b4 49. Nf6 Rg2+ 50. Kb1 Kxb3 51.
Ne4 Rg1# 0-1

[Event "Live Chess"]
[Site "Chess.com"]
[Date "2023.05.21"]
[Round "-"]
[White "Hacker_2009"]
[Black "Redwinelover"]
[Result "1-0"]
[WhiteElo "1920"]
[BlackElo "1414"]
[TimeControl "300"]
[EndTime "1:17:57 PDT"]
[Termination "Hacker_2009 won by resignation"]

1. d4 Nf6 2. Nf3 c5 3. e3 d5 4. c4 Nc6 5. Nc3 cxd4 6. Nxd4 e5 7. Nf3 d4 8. exd4 exd4 9. Nb5 Qa5+ 10. Bd2 Qb6 11. a4 a5 12. Bf4 Bg4 13. Nc7+ Kd7 14. Nxa8 Bb4+ 15. Bd2 Rxa8 16. Be2 Re8 17. O-O Bxd2 18.
Qxd2 Bxf3 19. Bxf3 Nb4 20. Rfd1 Ne4 21. Qxd4+ Qxd4 22. Rxd4+ Nd6 23. c5 1-0

[Event "Live Chess"]
[Site "Chess.com"]
[Date "2023.05.21"]
[Round "-"]
[White "ProfPoisson"]
[Black "rayzor59"]
[Result "1-0"]
[WhiteElo "1182"]
[BlackElo "728"]
[TimeControl "300"]
[EndTime "1:18:01 PDT"]
[Termination "ProfPoisson won by resignation"]

1. e4 d5 2. exd5 Qxd5 3. Nc3 Qa5 4. b4 Qxb4 5. Nb5 Qa5 6. Bc4 c6 7. Bxf7+ Kxf7 8. Qh5+ Kf6 9. Bb2+ e5 10. Qxe5+ Kg6 11. Qg3+ Kf7 12. Qf4+ Nf6 13. Qc7+ Qxc7 14. Nxc7 1-0

[Event "Live Chess"]
[Site "Chess.com"]
[Date "2023.05.21"]
[Round "-"]
[White "Singapourfeuj"]
[Black "ExIsambard"]
[Result "1-0"]
[WhiteElo "2186"]
[BlackElo "1925"]
[TimeControl "300"]
[EndTime "1:18:07 PDT"]
[Termination "Singapourfeuj won by resignation"]

1. d4 Nf6 2. Nf3 d5 3. g3 c6 4.
Bg2 Bg4 5. O-O e6 6. h3 Bd6 7.
hxg4 Nxg4 8. Nc3 h5 9. e4 Nd7 10. e5 Be7 11. Qd3 h4 12. Bf4 hxg3 13. Bxg3 Qc7 14. a3 Nh6 15. b4 Nf5 16. b5 c5 17.
Rab1 b6 18. Nxd5 exd5 19. Qxf5 cxd4 20. e6 fxe6 21. Qg6+ 1-0

[Event "Live Chess"]
[Site "Chess.com"]
[Date "2023.05.21"]
[Round "-"]
[White "OceanFloater"]
[Black "whitedjohn"]
[Result "0-1"]
[WhiteElo "1024"]
[BlackElo "1641"]
[TimeControl "300"]
[EndTime "1:18:28 PDT"]
[Termination "whitedjohn won by checkmate"]

1. e4 Nf6 2. Nc3 d5 3. exd5 Nxd5 4. Nf3 Nxc3 5. dxc3 Qxd1+ 6. Kxd1 Bg4 7. h3 Bxf3+ 8. gxf3 Nc6 9. Be3 O-O-O+ 10. Ke2 e5 11. Rd1 Be7 12. Rxd8+ Rxd8 13. Bg2 Na5 14. Rd1 Rxd1 15.
Kxd1 a6 16. f4 exf4 17. Bxf4 Kd7 18. b3 Bd6 19. Bxd6 Kxd6 20. Kd2 Nc6 21. Kd3 b6 22.
Be4 g6 23. h4 f5 24. Bf3 Ne5+ 25. Ke3 Nxf3 26. Kxf3 Ke5 27. Ke3 h6 28. f3 g5 29.
hxg5 hxg5 30. c4 f4+ 31. Kd3 c5 32. c3 Kf5 33. b4 g4 34. fxg4+ Kxg4 35. Ke2 f3+ 36.
Kf2 Kf4 37. a3 Ke4 38. bxc5 bxc5 39. a4 Kd3 40. Kxf3 Kxc3 41. Ke2 Kxc4 42. Kd2 Kb4 43. Kc2 Kxa4 44. Kb2 Kb4 45. Ka2 c4 46. Kb2 a5 47.
Ka2 a4 48. Kb2 a3+ 49. Ka2 c3 50. Kb1 Kb3 51. Ka1 Kc4 52. Kb1 Kd3 53. Kc1 a2 54. Kd1 a1=Q# 0-1

[Event "Live Chess"]
[Site "Chess.com"]
[Date "2023.05.21"]
[Round "-"]
[White "Ian-Morley"]
[Black "Vitalii18a"]
[Result "0-1"]
[WhiteElo "1054"]
[BlackElo "1111"]
[TimeControl "300"]
[EndTime "1:19:05 PDT"]
[Termination "Vitalii18a won by checkmate"]

1. e4 e5 2. Nf3 d6 3. d4 exd4 4. Nxd4 Be7 5. Bc4 Nf6 6. Qf3 O-O 7.
Bg5 h6 8. Bxf6 Bxf6 9. Nf5 Bxf5 10. exf5 Bxb2 11. O-O Bxa1 12. Nd2 Bf6 13. Ne4 Nc6 14. Qg3 Ne5 15. Be2 Qe7 16. Nxf6+ Qxf6 17. f4 Nc6 18. Bf3 Qxf5 19. Bxc6 bxc6 20. Qc3 c5 21. a4 Rfe8 22. Re1 Rxe1+ 23. Qxe1 Qxf4 24. Qe7 Rb8 25. Qxc7 Rb1# 0-1

[Event "Live Chess"]
[Site "Chess.com"]
[Date "2023.05.21"]
[Round "-"]
[White "Tushinskiy"]
[Black "JoshMcK"]
[Result "1-0"]
[WhiteElo "2188"]
[BlackElo "1536"]
[TimeControl "300"]
[EndTime "1:19:06 PDT"]
[Termination "Tushinskiy won by resignation"]

1. d4 d5 2. c3 e6 3. Nf3 Nf6 4. Bf4 Bd6 5. Bg3 O-O 6. Nbd2 c5 7. e3 Qc7 8. Bd3 Nc6 9. dxc5 Bxg3 10. hxg3 Ne5 11. Nxe5 Qxe5 12. e4 dxe4 13. Qe2 Qxc5 14. Nxe4 Nxe4 15. Qxe4 g6 16. Qh4 Qe5+ 17. Kd2 h5 18.
Rae1 Qd6 19. g4 Qf4+ 20. Re3 Qxg4 21. Qf6 Qa4 22. Rxh5 gxh5 23. Rg3+ 1-0

[Event "Live Chess"]
[Site "Chess.com"]
[Date "2023.05.21"]
[Round "-"]
[White "RichardABates"]
[Black "MaximKris"]
[Result "1-0"]
[WhiteElo "2107"]
[BlackElo "1816"]
[TimeControl "300"]
[EndTime "1:19:19 PDT"]
[Termination "RichardABates won by checkmate"]

1. d4 d5 2. c4 e6 3. Nf3 Nf6 4. g3 Bd6 5. Bg2 c6 6. O-O O-O 7. Nc3 dxc4 8. e4 Bc7 9. a4 Re8 10. Qe2 b6 11. Bg5 h6 12. Bh4 g5 13. Nxg5 hxg5 14.
Bxg5 Nbd7 15. e5 Qe7 16. exf6 Nxf6 17. Ne4 Bd8 18. Bxf6 Kf8 19. Bxe7+ Kxe7 20. Qf3 Kd7 21. Nf6+ Kc7 22. Nxe8+ Kb8 23. Qxc6 Bb7 24. Qxb7# 1-0

[Event "Live Chess"]
[Site "Chess.com"]
[Date "2023.05.21"]
[Round "-"]
[White "Dhaydon19"]
[Black "Larchikov"]
[Result "1-0"]
[WhiteElo "2690"]
[BlackElo "1972"]
[TimeControl "300"]
[EndTime "1:19:30 PDT"]
[Termination "Dhaydon19 won by resignation"]

1. d4 c6 2. c4 d5 3. cxd5 cxd5 4. Nc3 Nf6 5. Bf4 e6 6. e3 Bd6 7. Bd3 O-O 8. Nge2 a6 9. O-O b5 10. Rc1 Bb7 11. Ng3 Bxf4 12. exf4 Qd6 13. f5 e5 14. dxe5 Qxe5 15. Re1 Qd6 16. Nce2 Nbd7 17. Qd2 Ne5 18. Bb1 Rfd8 19. b3 Ne4 20. Qf4 Nxg3 21. Nxg3 Nc6 22.
Re8+ Rxe8 23. Qxd6 Rad8 24. Qc7 Re7 25. Rxc6 Rxc7 26.
Rxc7 1-0

[Event "Live Chess"]
[Site "Chess.com"]
[Date "2023.05.21"]
[Round "-"]
[White "wadsy27"]
[Black "Delacorta"]
[Result "1-0"]
[WhiteElo "2573"]
[BlackElo "1440"]
[TimeControl "300"]
[EndTime "1:19:31 PDT"]
[Termination "wadsy27 won by resignation"]

1. d4 e6 2. c4 f5 3. Nf3 Nf6 4. g3 c6 5. Bg2 d5 6. Nc3 Be7 7.
O-O O-O 8. Qc2 Bd7 9. Bf4 Be8 10.
Ne5 Nbd7 11. Rad1 Nxe5 12. Bxe5 Bg6 13. Qb3 Qb6 14. c5 Qxb3 15. axb3 Nd7 16. f4 Nxe5 17. fxe5 Bg5 18. b4 f4 19. h4 Bh6 20. g4 f3 21.
g5 fxg2 22. Kxg2 Bxg5 23. hxg5 Rxf1 24. Rxf1 Rf8 25. Rxf8+ Kxf8 26. b5 Bc2 27. Kg3 h6 28. Kh4 hxg5+ 29. Kxg5 Kf7 30. b4 g6 31. bxc6 bxc6 32. b5 cxb5 33. Nxb5 Ba4 34. Nd6+ Kg7 35. Nb7 Bc6 36. Nd8 Bd7 37. c6 Bc8 38. Nb7 Kf7 39. Nd6+ 1-0